 Dungeon Crawl Stone Soup version 0.27-a0-1186-g8b4daa1eef (webtiles) character file.

Game seed: 6423074765181877267

3363 mordus the Cleaver (level 9, -3/71 HPs)
             Began as a Minotaur Berserker on May 18, 2021.
             Was a Priest of Trog.
             Slain by a wyvern (7 damage)
             ... on level 8 of the Dungeon on May 19, 2021.
             The game lasted 00:14:35 (7706 turns).

mordus the Cleaver (Minotaur Berserker)             Turns: 7706, Time: 00:14:36

Health: -3/71      AC:  9    Str: 26    XL:     9   Next: 73%
Magic:  8/8        EV:  9    Int:  4    God:    Trog [***...]
Gold:   493        SH: 11    Dex:  9    Spells: 8/8 levels left

rFire    . . .     SeeInvis .   a - +0 hand axe
rCold    . . .     Faith    .   h - +0 kite shield {rN+}
rNeg     + . .     Spirit   .   r - +0 scale mail
rPois    .         Reflect  .   (helmet restricted)
rElec    .         Harm     .   B - +0 cloak
rCorr    .         Rampage  .   (no gloves)
Will     .....                  (no boots)
Stlth    ..........             (no amulet)
HPRegen  0.21/turn              (no ring)
MPRegen  0.11/turn              (no ring)

@: no status effects
A: horns 2, retaliatory headbutt
a: Renounce Religion, Berserk, Trog's Hand


You were on level 8 of the Dungeon.
You worshipped Trog.
Trog was most pleased with you.
You visited 1 branch of the dungeon, and saw 11 of its levels.

You collected 493 gold pieces.

Inventory:

Hand Weapons
 a - a +0 hand axe (weapon)
 s - a +2 mace of draining
Missiles
 m - 2 throwing nets
 C - 6 atropa-tipped darts
Armour
 h - a +0 kite shield of positive energy (worn)
 r - a +0 scale mail (worn)
 B - a +0 cloak (worn)
Jewellery
 o - a ring of fire
Wands
 j - a wand of polymorph (8)
 v - a wand of digging (1)
 E - a wand of paralysis (6)
Scrolls
 b - a scroll of blinking {unknown}
 d - 2 scrolls of identify {unknown}
 e - 4 scrolls of enchant weapon {unknown}
 i - a scroll of summoning {unknown}
 k - a scroll of enchant armour {unknown}
 l - 3 scrolls of vulnerability {unknown}
 t - a scroll of silence {unknown}
 x - a scroll of fear {unknown}
 y - 2 scrolls of teleportation {unknown}
 D - a scroll of noise {unknown}
 G - a scroll of fog {unknown}
Potions
 c - 4 potions of curing {unknown}
 f - 4 potions of invisibility {unknown}
 g - a potion of cancellation {unknown}
 n - 2 potions of haste {unknown}
 p - a potion of might {unknown}
 q - 2 potions of degeneration {unknown}
 u - a potion of lignification {unknown}
 w - 2 potions of heal wounds {unknown}
 z - 4 potions of attraction {unknown}
 A - a potion of flight {unknown}
 F - a potion of berserk rage {unknown}


   Skills:
 - Level 3.9 Fighting
 * Level 12.0 Axes
 + Level 8.6 Armour
 - Level 2.3 Dodging
 + Level 7.9 Shields


You had 8 spell levels left.
You didn't know any spells.
Your spell library was empty.

Dungeon Overview and Level Annotations

Branches:
Dungeon (11/15)            Temple (0/1) D:7
   Lair: D:8-11         Orc: D:9-12

Altars:
Gozag
Makhleb
Zin

Shops:
D:1 !

Annotations:
D:8 Joseph


Innate Abilities, Weirdness & Mutations

You have a pair of horns on your head.
You reflexively headbutt those who attack you in melee.


Message History

You are too injured to fight recklessly!
You are too injured to fight recklessly!
Your skin crawls.
You feel strong-willed.
The wyvern bites you but does no damage.
You hit the wyvern. Your headbutt misses the wyvern.
The wyvern is moderately wounded.
You block the wyvern's attack.
You hit the wyvern. Your headbutt misses the wyvern.
The wyvern is heavily wounded.
You block the wyvern's attack. The wyvern bites you!
* * * LOW HITPOINT WARNING * * *
You barely miss the wyvern.
The wyvern is heavily wounded.
The wyvern bites you but does no damage.
You barely miss the wyvern.
The wyvern is heavily wounded.
You feel the effects of Trog's Hand fading.
The wyvern bites you but does no damage.
You hit the wyvern but do no damage.
The wyvern is heavily wounded.
You block the wyvern's attack.
You closely miss the wyvern.
The wyvern is heavily wounded.
The wyvern bites you!
* * * LOW HITPOINT WARNING * * *
You block the wyvern's attack.
Okay, then.
You block the wyvern's attack.
Your skin stops crawling.
You feel less strong-willed. You block the wyvern's attack.
The wyvern barely misses you. You block the wyvern's attack.
The wyvern bites you!
* * * LOW HITPOINT WARNING * * *
The wyvern bites you but does no damage.
The wyvern bites you!
* * * LOW HITPOINT WARNING * * *
Joseph smiles happily.
The wyvern bites you!
You die...

#......# #####
#......# .... #......#
.## #......# #...
#......# #.#.
#......## #.##
##.......# #...
##...l....# ##..#
#...@l.@..#######....
#....[.S......(@....##
#.........######......
#.........##..S...###.
#.........#..@....# #.
#............#.###....
##.............# ..###
.........#.###...##
..........# .##


You could see Joseph, a water moccasin and 2 wyverns.

Vanquished Creatures
  Pikel (D:5)
  Prince Ribbit (D:5)
  A wraith (D:11)
  Sigmund (D:3)
  5 yaks (D:9)
  A steam dragon (D:8)
  Edmund (D:5)
  2 orc warriors
  A black bear (D:5)
  An ice beast (D:6)
  A sky beast (D:6)
  3 ogres
  A centaur (D:8)
  A phantom (D:7)
  A bullfrog (D:7)
  A scorpion (D:5)
  A wyvern skeleton (D:5)
  3 centaur zombies
  A hound (D:7)
  An orc priest (D:8)
  Ijyb (D:4)
  An iguana (D:5)
  An orc wizard (D:7)
  3 hound skeletons
  Robin (D:4)
  3 gnolls (D:3)
  6 adders
  2 shadow imps (D:6)
  An ufetubus (D:5)
  An adder skeleton (D:5)
  A worm (D:3)
  A dart slug (D:1)
  9 orcs
  6 ball pythons
  3 endoplasms
  5 giant cockroaches
  11 goblins
  8 hobgoblins
  9 jackals
  3 quokkas
  9 bats
  7 frilled lizards
  9 kobolds
  3 rats
133 creatures vanquished.

Notes
Turn   | Place    | Note
-------+----------+-------------------------------------------
     0 | D:1      | mordus the Minotaur Berserker began the quest for the Orb.
     0 | D:1      | Reached XP level 1. HP: 19/19 MP: 0/0
     2 | D:1      | Found a faded altar of an unknown god.
    43 | D:1      | Found Visob's Distillery.
   193 | D:1      | Reached XP level 2. HP: 25/27 MP: 1/1
   194 | D:1      | Reached skill level 4 in Axes
   942 | D:2      | Reached XP level 3. HP: 33/33 MP: 2/2
   967 | D:2      | Reached ** piety under Trog
  1893 | D:3      | Reached skill level 5 in Axes
  2052 | D:3      | Reached XP level 4. HP: 11/40 MP: 3/3
  2255 | D:3      | Reached skill level 1 in Shields
  2660 | D:3      | Noticed Sigmund
  2667 | D:3      | Killed Sigmund
  2668 | D:3      | Reached skill level 6 in Axes
  2668 | D:3      | Reached XP level 5. HP: 46/46 MP: 4/4
  3495 | D:4      | Reached XP level 6. HP: 52/52 MP: 5/5
  3496 | D:4      | Noticed Robin
  3509 | D:4      | Killed Robin
  3664 | D:4      | Noticed Ijyb
  3691 | D:4      | Killed Ijyb
  3731 | D:4      | Upgraded the game from 0.27-a0-1184-ge86db4a01e to
                  | 0.27-a0-1186-g8b4daa1eef
  4014 | D:4      | Reached skill level 7 in Axes
  4383 | D:5      | Entered Level 5 of the Dungeon
  4498 | D:5      | Noticed Prince Ribbit
  4515 | D:5      | Killed Prince Ribbit
  4516 | D:5      | Reached skill level 5 in Armour
  4516 | D:5      | Reached XP level 7. HP: 39/58 MP: 6/6
  4521 | D:5      | Reached skill level 8 in Axes
  4649 | D:5      | Found a burning altar of Makhleb.
  4824 | D:5      | Reached *** piety under Trog
  5054 | D:5      | Noticed Pikel
  5054 | D:5      | Noticed Edmund
  5070 | D:5      | Killed Edmund
  5071 | D:5      | Reached skill level 5 in Shields
  5071 | D:5      | Reached XP level 8. HP: 60/66 MP: 7/7
  5079 | D:5      | Killed Pikel
  5080 | D:5      | Reached skill level 9 in Axes
  5573 | D:6      | Reached skill level 10 in Axes
  6013 | D:6      | Found a glowing silver altar of Zin.
  6013 | D:6      | Noticed an angel
  6214 | D:7      | Found an opulent altar of Gozag.
  6257 | D:7      | Reached XP level 9. HP: 66/71 MP: 8/8
  6404 | D:7      | Found a staircase to the Ecumenical Temple.
  6921 | D:8      | Reached skill level 11 in Axes
  7121 | D:8      | You fall into a shaft and drop 3 floors!
  7393 | D:10     | Entered Level 10 of the Dungeon
  7581 | D:9      | Reached skill level 12 in Axes
  7674 | D:8      | Noticed Joseph
  7706 | D:8      | Slain by a wyvern

Illustrated notes

Levels and vault maps discovered:
D:1:      dpeg_arrival_tiny_k, layout_rooms, chequers_ecumenical_altar_island,
          serial_shops, shop
D:2:      layout_basic, minmay_ruptured
D:3:      layout_basic, minmay_increasing_density, uniq_sigmund
D:4:      layout_loops_ring, uniq_robin, uniq_ijyb
D:5:      layout_basic, lightli_temple_of_fire, chequers_serial_rivers_room_a,
          uniq_prince_ribbit1, uniq_pikel, uniq_edmund
D:6:      layout_rooms, zin_angel
D:7:      layout_loops_ring, nicolae_gozag_seed_capital,
          minmay_temple_entry_ruins
D:8:      layout_rooms, lair_entry_dummy, uniq_erica, uniq_joseph
D:9:      layout_loops_ring, uniq_harold
D:10:     minmay_the_grid_four_pointed_star_mashed
          [minmay_the_grid_triangle_9x9_checkered,
          minmay_the_grid_triangle_9x9_subtriangle,
          minmay_the_grid_triangle_9x9_dagger,
          minmay_the_grid_triangle_9x9_windchime,
          minmay_the_grid_prize_trominoes], layout_cave_pools,
          pf_just_have_faith, hiddenorc2_lemuel, uniq_nergalle
D:11:     layout_grid_maze, due_unseen_surprise

Skill      XL: |  1  2  3  4  5  6  7  8  9 |
---------------+----------------------------+-----
Axes           | 4 5 6 7 8 10 12 | 12.0
Armour         | 3 4 5 6 7 8 |  8.6
Shields        | 2 4 5 6 7 |  7.9
Fighting       | |  3.9
Dodging        | |  2.3

Action                   |  1- 3 |  4- 6 |  7- 9 || total
-------------------------+-------+-------+-------++-------
Melee: Hand axe          |   105 |   125 |   234 ||   464
       Headbutt          |    12 |    16 |    44 ||    72
Invok: Trog's Hand       |     1 |     1 |     6 ||     8
       Berserk           |       |     2 |     3 ||     5
Armor: Animal skin       |    26 |     2 |       ||    28
       Scale mail        |       |    32 |    68 ||   100
Dodge: Dodged            |    58 |    49 |    50 ||   157
Block: Kite shield       |    23 |    60 |   108 ||   191

Table legend: (Time is in decaauts)
 A = Elapsed time spent in this place.
 B = Non-inter-level travel time spent in this place.
 C = Inter-level travel time spent in this place.
 D = Time resting spent in this place.
 E = Time spent auto-exploring this place.
 F = Levels seen in this place.
 G = Mean time per level.
                   A        B        C        D        E       F      G
               +--------+--------+--------+--------+--------+-----+--------+
         Total |   7809 |   7589 |    220 |   1138 |   5320 |  11 |  709.9 |
       Dungeon |   7809 |   7589 |    220 |   1138 |   5320 |  11 |  709.9 |
               +--------+--------+--------+--------+--------+-----+--------+

Top non-repeatable levels by time:
     D:3: 1804 daAuts
     D:5: 1113 daAuts
     D:4: 1018 daAuts
     D:2: 856 daAuts
     D:1: 762 daAuts
     D:7: 723 daAuts
     D:6: 665 daAuts
     D:8: 353 daAuts
    D:11: 287 daAuts
    D:10: 163 daAuts
     D:9: 61 daAuts
